 Dungeon Crawl Stone Soup version 0.20.1-1-g8b1a95d (webtiles) character file.

37 Irenicus the Grasshopper (level 3, 0/24 HPs)
             Began as a Felid Warper on Oct 8, 2017.
             Slain by an adder (2 damage)
             ... on level 2 of the Dungeon.
             The game lasted 00:05:09 (1928 turns).

Irenicus the Grasshopper (Felid Warper)             Turns: 1928, Time: 00:05:09

Health: 0/24       AC: 21    Str:  7    XL:     3   Next: 23%
Magic:  7/7        EV:  4    Int: 14    God:
Gold:   32         SH:  0    Dex: 16    Spells: 4/6 levels left
                                        Lives:  0   Deaths: 0

rFire    . . .     SeeInvis +     - Unarmed
rCold    . . .     Gourm    .   (shield unavailable)
rNeg     + + +     Faith    .   (armour unavailable)
rPois    +         Spirit   .   (helmet unavailable)
rElec    .         Reflect  .   (cloak unavailable)
rCorr    .         Harm     .   (gloves unavailable)
MR       .....     NoTele   +   (boots unavailable)
Stlth    +.........             (no amulet)
Regen    0.1/turn               (no ring)
MPRegen  0.1/turn               (no ring)

@: lethally poisoned (0 -> -4), tree-form, very slightly contaminated, heavily
drained
A: no armour, no weapons or thrown items, stealth, see invisible, carnivore 3,
slow metabolism 1
a: no special abilities


You were on level 2 of the Dungeon.
You were completely stuffed.
You were a tree.
You visited 1 branch of the dungeon, and saw 2 of its levels.

You collected 32 gold pieces.

Inventory:

Jewellery
 k - an uncursed amulet of harm
Scrolls
 b - 3 scrolls of blinking
 d - 4 scrolls of enchant armour {unknown}
 f - a scroll of identify {unknown}
 i - a scroll of noise {unknown}
 l - a scroll of fog {unknown}
Potions
 g - a potion of degeneration {unknown}
 j - a potion of might {unknown}
 m - a potion of lignification
 n - a potion of haste {unknown}
Books
 a - a book of Spatial Translocations

   Spells                             Type                      Level
   a - Blink                          Translocation                2
   b - Shroud of Golubria             Charms/Translocation         2
   c - Lesser Beckoning               Translocation                3
   d - Gell's Gravitas                Translocation                3
   e - Teleport Other                 Translocation                3
   f - Passage of Golubria            Translocation                4
Comestibles
 c - 2 meat rations
 h - a royal jelly


   Skills:
 - Level 2.0(0.4) Fighting
 - Level 3.2(1.6) Dodging
 + Level 1.3(0.0) Stealth
 + Level 3.5(1.9) Unarmed Combat
 - Level 2.0(0.4) Spellcasting
 + Level 4.4(2.7) Translocations


You had 4 spell levels left.
You knew the following spells:

 Your Spells              Type           Power        Failure   Level  Hunger
a - Blink                 Tloc           N/A          14%         2    ###....


Dungeon Overview and Level Annotations

Branches:
Dungeon (2/15)

Altars:
Ashenzari
Trog


Innate Abilities, Weirdness & Mutations

You cannot wear armour.
You are incapable of wielding weapons or throwing items.
Your paws allow you to move quietly. (Stealth)
((You have sharp claws.))
((You have razor-sharp teeth.))
You have supernaturally acute eyesight. (SInv)
You are carnivorous and can eat meat at any time.
((You cover ground quickly.))
((You are covered in fur. (AC +1)))
You have a slow metabolism.
((Your sharp claws are effective at attacking unaware monsters.))


Message History

Confirm with . or Enter, or press ? or * to list all spells.
You miscast Blink.
You are very lightly contaminated with residual magic.
The floor and the ceiling briefly switch places.
You feel sick. The adder bites you.
* * * LOW HITPOINT WARNING * * *
The adder bites you but does no damage.
Casting: Blink
Confirm with . or Enter, or press ? or * to list all spells.
You blink.
It was a potion of magic.
Magic courses through your body.
* * * LOW HITPOINT WARNING * * *
You feel sick.
It was a potion of lignification.
You turn into a tree.
Your roots penetrate the ground.
The adder bites you but does no damage. x2
You hit the adder.
The adder is severely wounded.
* * * LOW HITPOINT WARNING * * *
You feel sick. The adder bites you.
You die...

....# #.# ....#
#.# ....# #.#
....# #.# ## .++##
#.# .. .########.#
#. .'......#.# #.
.######.#.#####.##
## #.#......S♣#
#.########## #.#
#.# #.# #.# #.#
#.# #######.#


You could see an adder.

Vanquished Creatures
  2 ball pythons
  5 goblins
  8 hobgoblins
  5 jackals
  5 kobolds
  3 bats
  A frilled lizard (D:2)
  2 rats (D:1)
31 creatures vanquished.

Notes
Turn   | Place    | Note
-------+----------+-------------------------------------------
     0 | D:1      | Irenicus the Felid Warper began the quest for the Orb.
     0 | D:1      | Reached XP level 1. HP: 9/9 MP: 4/4
   207 | D:1      | Reached XP level 2. HP: 8/13 MP: 6/6
  1502 | D:2      | Reached XP level 3. HP: 7/16 MP: 7/7
  1505 | D:2      | Reached skill level 1 in Stealth
  1774 | D:2      | Found a bloodstained altar of Trog.
  1787 | D:2      | Found a shattered altar of Ashenzari.
  1805 | D:2      | Learned a level 2 spell: Blink
  1928 | D:2      | Slain by an adder

Skill      XL: |  1  2  3 |
---------------+----------+-----
Unarmed Combat | 3 |  3.5
Stealth        | 1 |  1.3
Fighting       | |  2.0
Dodging        | |  3.2
Spellcasting   | |  2.0
Translocations | |  4.4

Action                   || total
-------------------------++-------
Melee: Unarmed           ||   114
       Bite              ||     7
 Cast: Blink             ||     1
  Use: Potion            ||     2
 Stab: Sleeping          ||     1
  Eat: Chunk             ||     9
Armor: Skin              ||    11
Dodge: Dodged            ||    95
